 Dungeon Crawl Stone Soup version 0.30.0-19-g36f170ea60 (webtiles) character file.

Game seed: 822993354877792641

960 howech the Chopper (level 7, 0/62 HPs)
             Began as a Minotaur Berserker on June 1, 2023.
             Was a Believer of Trog.
             Slain by an iguana (8 damage)
             ... on level 5 of the Dungeon.
             The game lasted 00:13:29 (3843 turns).

howech the Chopper (Minotaur Berserker)             Turns: 3843, Time: 00:13:30

Health: 0/62       AC: 11    Str: 21    XL:     7   Next: 92%
Magic:  6/6        EV:  7    Int:  4    God:    Trog [**....]
Gold:   220        SH:  0    Dex: 12    Spells: 6/6 levels left

rFire   . . .        a - +0 hand axe
rCold   . . .        (no shield)
rNeg    . . .        m - +0 plate armour
rPois   .            (helmet restricted)
rElec   .            (no cloak)
rCorr   .            (no gloves)
SInv    .            (no boots)
Will    .....        (no amulet) Stlth
                     (no ring)
HPRegen 0.30/turn    (no ring)
MPRegen 0.10/turn

%: no passive effects
@: on berserk cooldown, slowed, very slow
A: horns 2, retaliatory headbutt
a: Renounce Religion, Berserk, Trog's Hand


You were on level 5 of the Dungeon.
You worshipped Trog.
Trog was pleased with you.
You visited 1 branch of the dungeon, and saw 5 of its levels.

You collected 220 gold pieces.

Inventory:

Hand Weapons
 a - a +0 hand axe (weapon)
 f - a +7 club
 q - a +2 dagger of venom
Missiles
 i - 6 poisoned darts (quivered)
Armour
 b - a +0 animal skin
 d - a +0 ring mail
 m - a +0 plate armour (worn)
Jewellery
 e - a +5 ring of evasion
 g - a ring of magical power
Wands
 p - a wand of roots (8)
Scrolls
 o - 3 scrolls of teleportation
Potions
 c - a potion of haste
 h - a potion of brilliance {unknown}
 j - a potion of resistance {unknown}
 k - a potion of attraction {unknown}
 l - a potion of berserk rage {unknown}
 n - 3 potions of flight {unknown}
 r - 2 potions of lignification {unknown}
 s - 3 potions of curing {unknown}


   Skills:
 + Level 5.8 Fighting
 * Level 7.5 Axes
 + Level 4.2 Armour
 + Level 4.0 Dodging
 + Level 2.7 Shields
 - Level 3.0 Evocations


You had 6 spell levels left.
You didn't know any spells.
Your spell library was empty.

Dungeon Overview and Level Annotations

Branches:
Dungeon (5/15)
 Temple: D:4-7

Altars:
Ashenzari
Qazlal

Shops:
D:1 [

Annotations:
D:3 2 transporters


Innate Abilities, Weirdness & Mutations

You have a pair of horns on your head.
You reflexively headbutt those who attack you in melee.


Message History

You feel the effects of Trog's Hand fading.
The orc warrior hits you with a +0 hand axe!
* * * LOW HITPOINT WARNING * * *
An iguana comes into view.
The orc warrior hits you but does no damage.
You closely miss the orc warrior.
The iguana hisses angrily.
You headbutt the orc warrior.
The orc warrior is almost dead.
The orc warrior hits you but does no damage.
You hit the orc warrior but do no damage.
Your headbutt misses the orc warrior.
The orc warrior is almost dead.
The orc warrior hits you with a +0 hand axe.
* * * LOW HITPOINT WARNING * * *
Unknown command.
You barely miss the orc warrior.
The orc warrior is almost dead.
The orc warrior hits you with a +0 hand axe.
* * * LOW HITPOINT WARNING * * *
The orc warrior hits you but does no damage.
Unknown command.
You hit the orc warrior. You headbutt the orc warrior.
You kill the orc warrior!
Trog accepts your kill.
Your skin stops crawling.
You feel less strong-willed.
Your Dodging skill increases to level 4!
Unknown command.
Things that are here:
a +0 hand axe; a +0 plate armour The iguana bites you!
* * * LOW HITPOINT WARNING * * *
You hit the iguana. Your headbutt misses the iguana.
The iguana is lightly wounded.
The iguana barely misses you.
The iguana bites you but does no damage.
You hit the iguana but do no damage.
The iguana is lightly wounded.
The iguana bites you!
You die...

##........###...#.#..#
......[.### #.....#..#
#........##......#...###
#.#..##.....##.........##
#.######.#.###..#..#....##
#.# #.#.#.>.#####.....#
... .. ...#####.....## #..
.....# ##........## #..
####. #@)..).....# ...# #.
##l...#..### .....
.##..#...###### .##..
.........# .# . #...#...##
.# ... #.... .# .. #.....
.. . .##.... .. ##....


You could see an iguana.

Vanquished Creatures
  Sigmund (D:2)
  An orc warrior (D:5)
  A black bear (D:4)
  2 phantoms (D:5)
  A hound (D:4)
  Crazy Yiuf (D:3)
  2 jellies
  2 orc priests (D:5)
  Jessica (D:3)
  Terence (D:3)
  Natasha (thrice) (D:3)
  An orc wizard (D:5)
  4 adders
  An ufetubus (D:3)
  3 worms
  2 dart slugs (D:2)
  12 orcs
  6 ball pythons
  6 bats
  8 endoplasms
  3 giant cockroaches
  6 goblins
  7 hobgoblins
  5 jackals
  A quokka (D:1)
  6 frilled lizards
  6 kobolds (D:1)
  6 rats
99 creatures vanquished.

Notes
Turn   | Place    | Note
-------+----------+-------------------------------------------
     0 | D:1      | howech the Minotaur Berserker began the quest for the Orb.
     0 | D:1      | Reached XP level 1. HP: 19/19 MP: 0/0
   126 | D:1      | Found Zottisk's Armour Boutique.
   184 | D:1      | Reached XP level 2. HP: 27/27 MP: 1/1
   238 | D:1      | Reached skill level 4 in Axes
   317 | D:1      | You fall into a shaft and drop 1 floor!
   317 | D:2      | Found a broken altar of Ashenzari.
   429 | D:2      | Reached XP level 3. HP: 33/33 MP: 2/2
   431 | D:2      | Noticed Sigmund
   436 | D:2      | Killed Sigmund
   437 | D:2      | Reached skill level 5 in Axes
   437 | D:2      | Reached skill level 1 in Evocations
   437 | D:2      | Reached XP level 4. HP: 41/41 MP: 3/3
   437 | D:2      | Reached XP level 5. HP: 47/47 MP: 4/4
   606 | D:2      | Reached ** piety under Trog
  1535 | D:3      | Found a faded altar of an unknown god.
  1781 | D:3      | Noticed Natasha
  1798 | D:3      | HP: 3/70 [cerulean imp/+1 spear[Natasha] (5)]
  1801 | D:3      | Killed Natasha
  1802 | D:3      | Reached skill level 6 in Axes
  1929 | D:3      | Found a transporter.
  1953 | D:3      | Reached XP level 6. HP: 52/55 MP: 5/5
  2018 | D:3      | Found a transporter.
  2024 | D:3      | Found a stormy altar of Qazlal.
  2096 | D:3      | Noticed Natasha
  2112 | D:3      | Killed Natasha
  2152 | D:3      | Noticed Natasha
  2153 | D:3      | Noticed Jessica
  2163 | D:3      | Killed Natasha
  2163 | D:3      | Killed Jessica
  2164 | D:3      | Reached skill level 5 in Fighting
  2398 | D:3      | Noticed Terence
  2408 | D:3      | Killed Terence
  2480 | D:3      | Found a runed translucent door.
  2481 | D:3      | Noticed Crazy Yiuf
  2543 | D:3      | Reached skill level 1 in Shields
  2757 | D:3      | Killed Crazy Yiuf
  2911 | D:4      | Reached XP level 7. HP: 61/61 MP: 6/6
  3518 | D:5      | Entered Level 5 of the Dungeon
  3591 | D:5      | Reached skill level 7 in Axes
  3798 | D:5      | Reached *** piety under Trog
  3843 | D:5      | Slain by an iguana

Illustrated notes

Levels and vault maps discovered:
D:1:      dpeg_arrival_refuge, layout_basic, serial_shops, shop
D:2:      layout_basic, basic_altar, uniq_sigmund
D:3:      layout_loops_corners, gammafunk_temple_overflow_arena,
          nicolae_ecumenical_pavilion, kennysheep_generic_room_16, uniq_jessica,
          uniq_natasha, uniq_crazy_yiuf_cottage, uniq_terence
D:4:      layout_loops_cross
D:5:      layout_cave_pools, temple_hall, uniq_prince_ribbit1, uniq_edmund

Skill      XL: |  1  2  3  4  5  6  7 |
---------------+----------------------+-----
Axes           | 4 5 6 7 |  7.5
Fighting       | 4 5 |  5.8
Armour         | 3 4 |  4.2
Dodging        | 3 4 |  4.0
Evocations     | 1 2 3 |  3.0
Shields        | 1 2 |  2.7

Action                     |  1- 3 |  4- 6 |  7- 9 || total
---------------------------+-------+-------+-------++-------
  Melee: Hand axe          |    61 |   151 |    86 ||   298
         Headbutt          |     9 |    34 |    16 ||    59
         Unarmed           |       |    15 |       ||    15
         Punch             |       |     2 |     1 ||     3
 Invoke: Berserk           |     1 |     2 |     1 ||     4
         Trog's Hand       |       |     3 |     2 ||     5
    Use: Scroll            |       |     5 |     1 ||     6
 Armour: Ring mail         |    27 |     4 |       ||    31
         Plate armour      |       |    95 |    31 ||   126
  Dodge: Dodged            |    38 |    70 |    18 ||   126
